 Dungeon Crawl Stone Soup version 0.21.1-1-g345015f (webtiles) character file.

66 tidbits the Grave Robber (level 4, 4/32 HPs)
             Began as a Gnoll Necromancer on June 27, 2018.
             Quit the game on level 4 of the Dungeon.
             The game lasted 00:05:42 (629 turns).

tidbits the Grave Robber (Gnoll Necromancer)         Turns: 629, Time: 00:05:43

Health: 4/32       AC:  2    Str: 10    XL:     4   Next: 15%
Magic:  11/11      EV: 14    Int: 19    God:
Gold:   49         SH:  5    Dex: 15    Spells: 5/13 levels left

rFire    . . .     SeeInvis .   a - +1 whip (venom)
rCold    . . .     Gourm    .   D - +1 buckler
rNeg     . . .     Faith    .   B - +0 robe
rPois    .         Spirit   .   (no helmet)
rElec    .         Reflect  .   (no cloak)
rCorr    .         Harm     .   (no gloves)
MR       +....                  (no boots)
Stlth    +++.......             (no amulet)
HPRegen  0.10/turn              p - ring of protection from magic
MPRegen  0.12/turn              (no ring)

@: no status effects
A: distributed training, fangs 1, strong nose
a: no special abilities


You were on level 4 of the Dungeon.
You were not hungry.

You visited 1 branch of the dungeon, and saw 5 of its levels.

You collected 49 gold pieces.

Inventory:

Hand Weapons
 a - a +1 whip of venom (weapon)
   (You took it off an orc on level 3 of the Dungeon)
 f - a +0 hunting sling
 g - a +0 club
 i - a +0 dagger
Missiles
 h - 42 stones (quivered)
Armour
 o - a +0 ring mail
 B - a +0 robe (worn)
 D - a +1 buckler (worn)
Jewellery
 p - a ring of protection from magic (left hand)
   (You found it on level 2 of the Dungeon)
Scrolls
 k - a scroll of teleportation
Potions
 d - a potion of agility {unknown}
 e - a potion of heal wounds {unknown}
 l - a potion of ambrosia {unknown}
 m - a potion of flight {unknown}
 n - a potion of brilliance {unknown}
Books
 b - a book of Necromancy

   Spells                             Type                      Level
   a - Pain                           Necromancy                   1
   b - Animate Skeleton               Necromancy                   1
   c - Vampiric Draining              Necromancy                   3
   d - Regeneration                   Charms/Necromancy            3
   e - Animate Dead                   Necromancy                   4
   f - Borgnjor's Vile Clutch         Necromancy/Earth             5
 j - a book of Maledictions
   (You found it on level 3 of the Dungeon)

   Spells                             Type                      Level
   a - Corona                         Hexes                        1
   b - Ensorcelled Hibernation        Hexes/Ice                    2
   c - Confuse                        Hexes                        3
   d - Tukima's Dance                 Hexes                        3
   e - Dazzling Spray                 Conjuration/Hexes            3
Comestibles
 c - 7 rations


   Skills:
 + Level 1.0 Fighting
 + Level 1.0 Short Blades
 + Level 1.0 Long Blades
 + Level 1.0 Axes
 + Level 1.0 Maces & Flails
 + Level 1.0 Polearms
 + Level 1.0 Staves
 + Level 1.0 Slings
 + Level 1.0 Bows
 + Level 1.0 Crossbows
 + Level 1.0 Throwing
 + Level 1.0 Armour
 + Level 4.6 Dodging
 + Level 4.2 Stealth
 + Level 1.0 Shields
 + Level 1.0 Unarmed Combat
 + Level 5.0 Spellcasting
 + Level 0.7 Conjurations
 + Level 0.7 Hexes
 + Level 0.7 Charms
 + Level 0.7 Summonings
 + Level 7.1 Necromancy
 + Level 0.7 Translocations
 + Level 0.7 Transmutations
 + Level 0.7 Fire Magic
 + Level 0.7 Ice Magic
 + Level 0.7 Air Magic
 + Level 0.7 Earth Magic
 + Level 0.7 Poison Magic
 + Level 1.1 Invocations
 + Level 1.0 Evocations


You had 5 spell levels left.
You knew the following spells:

 Your Spells              Type           Power        Failure   Level  Hunger
a - Pain                  Necr           ####         1%          1    None
d - Vampiric Draining     Necr           ####......   2%          3    ##.....
n - Animate Skeleton      Necr           N/A          1%          1    None
r - Regeneration          Chrm/Necr      ###.......   11%         3    ##.....


Dungeon Overview and Level Annotations

Branches:
Dungeon (5/15)
 Temple: D:4-7

Altars:

Annotations:
D:3 dscm's ghost, weakling OpNe


Innate Abilities, Weirdness & Mutations

Your experience applies equally to all skills.
You have very sharp teeth.
Your uncanny sense of smell can sniff out nearby items.


Message History

o - a ring mail
Things that are here:
a small golden ring; a worm corpse
p - a small golden ring Put on which piece of jewellery? (? for menu, Esc to quit)
p - a ring of protection from magic (left hand)
There is a stone staircase leading down here.
You climb downwards.
You hear the sound of rushing water.
There is an entrance to a sewer on this level.
Hurry and find it before the portal rusts away!
There is a stone staircase leading up here.
You hear the brisk rusting of a very distant drain.
Found 6 gold pieces.
Magic restored.
There is a stone staircase leading down here.
A bat comes into view.
The bat moves out of view.
Casting: Vampiric Draining
Confirm with . or Enter, or press ? or * to list all spells.
Aiming: Pain
Press: ? - help, Shift-Dir - straight line, f - bat
Aim: a bat (chance to defeat MR: 93%)
The bat writhes in agony!
The bat barely misses you. The bat barely misses you.
Casting: Pain
Confirm with . or Enter, or press ? or * to list all spells.
Aiming: Pain
Press: ? - help, Shift-Dir - straight line, f/p - bat
Aim: a bat (moderately wounded, chance to defeat MR: 93%)
The bat writhes in agony!
You kill the bat!
Casting: Pain
Confirm with . or Enter, or press ? or * to list all spells.
Aiming: Pain
Press: ? - help, Shift-Dir - straight line, f - hobgoblin
Aim: a hobgoblin, wielding a club (chance to defeat MR: 93%)
The hobgoblin writhes in agony!
You hit the hobgoblin.
You kill the hobgoblin!
Things that are here:
a club; a hobgoblin corpse Dscm's ghost (weakling Octopode Necromancer) comes into view.
Dscm's ghost turns its malevolent gaze towards you.
Things that are here:
a club; a hobgoblin corpse
There is a stone staircase leading down here.
You climb downwards.
The phantom hits you. The phantom closely misses you.
There is a stone staircase leading up here.
Unknown command.
Unknown command.
The phantom blinks!
There is a stone staircase leading down here.
The phantom blinks!
You open the door.
Found a ration.
There is an open door here.
You see here a ration.
c - 7 rations (gained 1)
You hit the phantom. Your bite misses the phantom.
The phantom is lightly damaged.
The phantom hits you.
You hit the phantom but do no damage.
The phantom is lightly damaged.
The phantom hits you but does no damage.
The phantom misses you.
Your shield prevents you from hitting the phantom.
The phantom is lightly damaged.
The phantom hits you.
The phantom blinks!
You open the door.
The phantom blinks!
There is an open door here.
You open the door.
A hound skeleton comes into view.
The phantom barely misses you.
Found a scroll labeled VUMOLA OD XUKH.
You hit the phantom but do no damage.
The phantom is lightly damaged.
You block the phantom's attack.
You completely miss the phantom.
The phantom is lightly damaged.
You block the phantom's attack.
You barely miss the phantom.
The phantom is lightly damaged.
The phantom blinks!
You hit the hound skeleton.
The hound skeleton is moderately damaged.
The hound skeleton closely misses you. The phantom hits you.
* * * LOW HITPOINT WARNING * * *
You hit the hound skeleton.
The hound skeleton is heavily damaged.
You block the hound skeleton's attack. The phantom hits you!
* * * LOW HITPOINT WARNING * * *
You hit the hound skeleton.
You bite the hound skeleton, but do no damage.
The hound skeleton is severely damaged.
The hound skeleton bites you.
* * * LOW HITPOINT WARNING * * *
The phantom misses you.
The hound skeleton bites you but does no damage.
Are you sure you want to abandon this character and quit the game? (Confirm with "yes".)

....##. #.#### ....##.
#....#
....##.###>#§#############
....###...##....W........#
....W...######.####.####.#
.....#### #.#..#.# .....#
#.#..'.+ ####.#
#.#'##.#### ####.#
#..@W...... .....#
#.#Z##.#### ###..#######
#.#.?#.# ∆ ............
#.#..+.+ ##..########
∆####.# #..# .. ##..######
.........# ##..####.#


You could see a phantom and a hound skeleton.

Vanquished Creatures
  3 adders
  2 worms (D:2)
  4 leopard geckos
  An orc (D:3)
  A giant cockroach (D:1)
  3 goblins
  3 hobgoblins
  A quokka (D:3)
  6 bats
  A frilled lizard (D:1)
  3 kobolds (D:3)
  A rat (D:2)
29 creatures vanquished.

Notes
Turn   | Place    | Note
-------+----------+-------------------------------------------
     0 | D:1      | tidbits the Gnoll Necromancer began the quest for the Orb.
     0 | D:1      | Reached XP level 1. HP: 13/13 MP: 6/6
    65 | D:1      | You fall through a shaft!
    78 | D:2      | Reached XP level 2. HP: 10/19 MP: 3/7
    84 | D:2      | Learned a level 1 spell: Animate Skeleton
   138 | D:3      | HP: 3/30 [poisoned by an orc]
   264 | D:3      | Reached skill level 5 in Spellcasting
   264 | D:3      | Reached XP level 3. HP: 7/25 MP: 5/9
   269 | D:3      | Learned a level 3 spell: Regeneration
   274 | D:3      | Learned a level 3 spell: Vampiric Draining
   345 | D:4      | Reached skill level 1 in Invocations
   370 | D:5      | Entered Level 5 of the Dungeon
   381 | D:4      | Noticed a phantom
   479 | D:3      | Reached skill level 1 in Fighting
   479 | D:3      | Reached skill level 1 in Short Blades
   479 | D:3      | Reached skill level 1 in Long Blades
   479 | D:3      | Reached skill level 1 in Axes
   479 | D:3      | Reached skill level 1 in Maces & Flails
   479 | D:3      | Reached skill level 1 in Polearms
   479 | D:3      | Reached skill level 1 in Staves
   479 | D:3      | Reached skill level 1 in Slings
   479 | D:3      | Reached skill level 1 in Bows
   479 | D:3      | Reached skill level 1 in Crossbows
   479 | D:3      | Reached skill level 1 in Throwing
   479 | D:3      | Reached skill level 1 in Armour
   479 | D:3      | Reached skill level 1 in Shields
   479 | D:3      | Reached skill level 1 in Unarmed Combat
   479 | D:3      | Reached skill level 1 in Evocations
   510 | D:2      | Reached XP level 4. HP: 13/32 MP: 11/11
   585 | D:3      | Noticed dscm's ghost (weakling OpNe)
   629 | D:4      | Quit the game

Skill      XL: |  1  2  3 |
---------------+----------+-----
Spellcasting   | 5 |  5.0
Invocations    | 1 |  1.1
Fighting       | 1 |  1.0
Short Blades   | 1 |  1.0
Long Blades    | 1 |  1.0
Axes           | 1 |  1.0
Maces & Flails | 1 |  1.0
Polearms       | 1 |  1.0
Staves         | 1 |  1.0
Slings         | 1 |  1.0
Bows           | 1 |  1.0
Crossbows      | 1 |  1.0
Throwing       | 1 |  1.0
Armour         | 1 |  1.0
Shields        | 1 |  1.0
Unarmed Combat | 1 |  1.0
Evocations     | 1 |  1.0
Dodging        | |  4.6
Stealth        | |  4.2
Conjurations   | |  0.7
Hexes          | |  0.7
Charms         | |  0.7
Summonings     | |  0.7
Necromancy     | |  7.1
Translocations | |  0.7
Transmutations | |  0.7
Fire Magic     | |  0.7
Ice Magic      | |  0.7
Air Magic      | |  0.7
Earth Magic    | |  0.7
Poison Magic   | |  0.7

Action                   |  1- 3 |  4- 6 || total
-------------------------+-------+-------++-------
Melee: Unarmed           |     5 |       ||     5
       Whip              |    19 |    15 ||    34
       Bite              |     2 |     1 ||     3
 Cast: Pain              |    30 |     3 ||    33
       Regeneration      |     1 |       ||     1
       Vampiric Draining |       |     2 ||     2
  Use: Scroll            |     5 |       ||     5
       Potion            |     1 |       ||     1
 Stab: Sleeping          |     1 |       ||     1
Armor: Skin              |     2 |       ||     2
       Robe              |     2 |     2 ||     4
Dodge: Dodged            |    11 |    10 ||    21
Block: Buckler           |     9 |     3 ||    12

Table legend:
 A = Turns spent in this place as a percentage of turns spent in the entire game.
 B = Non-inter-level travel turns spent in this place as a percentage of non-inter-level travel turns spent in the entire game.
 C = Inter-level travel turns spent in this place as a percentage of turns spent in this place.
 D = Turns resting spent in this place as a percentage of non-inter-level travel turns spent in this place.
 E = Turns spent auto-exploring this place as a percentage of non-inter-level travel turns spent in this place.
 F = Non-inter-level travel turns spent in this place divided by the number of levels of this place that you've seen.
                   A       B       C       D       E      F
               +-------+-------+-------+-------+-------+----------------------
         Total | 100.0 | 100.0 |   2.5 |   0.0 |   0.0 | 122.6
       Dungeon | 100.0 | 100.0 |   2.5 |   0.0 |   0.0 | 122.6
               +-------+-------+-------+-------+-------+----------------------

Table legend:
 A = Kills in this place as a percentage of kills in entire the game.
 B = Kills by you in this place as a percentage of kills by you in the entire game.
 C = Kills by friends in this place as a percentage of kills by friends in the entire game.
 D = Other kills in this place as a percentage of other kills in the entire game.
 E = Experience gained in this place as a percentage of experience gained in the entire game.
 F = Experience gained in this place divided by the number of levels of this place that you have seen.
                   A       B       C       D       E      F
               +-------+-------+-------+-------+-------+----------------------
         Total | 100.0 | 100.0 |   N/A |   N/A | 100.0 |  19.0
       Dungeon | 100.0 | 100.0 |   N/A |   N/A | 100.0 |  19.0
               +-------+-------+-------+-------+-------+----------------------

Vault maps used:
D:1:      arrival_zaba_pyramid
D:2:      good_gods_mini_temple, led_sif_pool
D:3:      portal_sewer_entry_e, first_ration, kennysheep_potato
D:4:      minmay_door_path
D:5:      gammafunk_temple_overflow_elements,
          nicolae_gozag_cash_rules_everything_around_me, kennysheep_little_box,
          gup_ossuary_entry_pyramid, serial_shops, shop_fountains, uniq_pikel
